 Dungeon Crawl Stone Soup version 0.29-a0-529-gfa20dd96a1 (webtiles) character file.

Game seed: 7375776891634501796

67 elagabalus the Changer (level 4, 0/35 HPs)
             Began as a Draconian Transmuter on June 1, 2022.
             Frozen to death by om's ghost (5 damage)
             ... on level 3 of the Dungeon.
             The game lasted 00:18:58 (2056 turns).

elagabalus the Changer (Draconian Transmuter)       Turns: 2056, Time: 00:18:58

Health: 0/35       AC:  5    Str: 12    XL:     4   Next: 0%
Magic:  5/7        EV: 16    Int: 14    God:
Gold:   98         SH:  0    Dex: 13    Spells: 4/7 levels left

rFire   x . .      SeeInvis .     - Unarmed
rCold   + . .      Faith    .   (no shield)
rNeg    . . .      Spirit   .   (body armour unavailable)
rPois   .          Reflect  .   (helmet currently unavailable)
rElec   .          Harm     .   (no cloak)
rCorr   .          Rampage  .   (no gloves)
Will    .....                   (boots currently unavailable)
Stlth   +.........              (no amulet)
HPRegen 0.11/turn               e - +4 ring of evasion
MPRegen 0.10/turn               n - ring of ice

@: appendages (expiring), wereblooded
A: horns 2, talons 2, AC +5, unfitting armour, cold-blooded
a: End Transformation


You were on level 3 of the Dungeon.
You had temporarily grown beastly horns and talons.
You visited 1 branch of the dungeon, and saw 3 of its levels.

You collected 98 gold pieces.

Inventory:

Hand Weapons
 i - a +2 falchion of holy wrath
Missiles
 o - 93 stones
Armour
 f - a +1 helmet of intelligence
Jewellery
 e - a +4 ring of evasion (left hand)
 n - a ring of ice (right hand)
Scrolls
 c - a scroll of vulnerability
Potions
 a - a potion of lignification
 b - 5 potions of curing
 d - a potion of resistance
 g - a potion of heal wounds
 h - a potion of brilliance
 j - a potion of flight {unknown}
 k - a potion of ambrosia
 l - a potion of berserk rage {unknown}


   Skills:
 - Level 1.1 Fighting
 - Level 1.7 Dodging
 - Level 3.0 Unarmed Combat
 - Level 2.0 Spellcasting
 * Level 4.3 Transmutations


You had 4 spell levels left.
You knew the following spells:

 Your Spells              Type           Power      Damage    Failure   Level
a - Beastly Appendage     Tmut           26%        N/A       4%          1
b - Wereblood             Tmut           13%        N/A       6%          2

Your spell library contained the following spells:

 Spells                   Type           Power      Damage    Failure   Level
 Summon Small Mammal      Summ           4%         N/A       24%         1
 Spider Form              Tmut/Pois      7%         N/A       28%         3
 Scorch                   Fire           2%         2d5       34%         2
 Static Discharge         Conj/Air       1%         N/A       34%         2
 Call Canine Familiar     Summ           1%         N/A       56%         3
 Summon Guardian Golem    Hex/Summ       1%         N/A       56%         3
 Ice Form                 Ice/Tmut       11%        N/A       67%         4
 Flame Wave               Conj/Fire      1%         2d4       93%         4
 Lightning Bolt           Conj/Air       0%         1d11      100%        5
 Summon Cactus Giant      Summ           0%         N/A       100%        6
 Maxwell's Capacitive Co  Air            0%         ∞         100%        8


Dungeon Overview and Level Annotations

Branches:
Dungeon (3/15)

Altars:
Gozag
Hepliaklqana

Annotations:
D:3 Gelos's ghost, amateur VSIE; om's ghost, amateur MfIE


Innate Abilities, Weirdness & Mutations

You have temporarily grown beastly horns and talons.
Your plain brown scales are hard. (AC +5)
You cannot fit into any form of body armour.
You are cold-blooded and may be slowed by cold attacks.


Message History

Your headbutt misses om's ghost.
Om's ghost is lightly damaged.
Om's ghost freezes you.
You are frozen.
You resist.
You miss om's ghost.
Om's ghost is lightly damaged.
Om's ghost hits you.
You barely miss om's ghost. Your kick misses om's ghost.
You tail-slap om's ghost, but do no damage.
Om's ghost is lightly damaged.
You closely miss Gelos's ghost. You headbutt Gelos's ghost!
Gelos's ghost is moderately damaged.
Om's ghost hits you but does no damage. Gelos's ghost barely misses you.
You hit Gelos's ghost.
Gelos's ghost is heavily damaged.
Your transformation is almost over.
Om's ghost hits you! Gelos's ghost closely misses you.
You closely miss Gelos's ghost.
You claw Gelos's ghost, but do no damage.
Gelos's ghost is heavily damaged.
Om's ghost misses you. Gelos's ghost hits you.
* * * LOW HITPOINT WARNING * * *
You barely miss Gelos's ghost.
Gelos's ghost is heavily damaged.
Om's ghost barely misses you. Gelos's ghost hits you.
* * * LOW HITPOINT WARNING * * *
You completely miss Gelos's ghost. You claw Gelos's ghost.
Your tail-slap misses Gelos's ghost.
Gelos's ghost is severely damaged.
Om's ghost closely misses you. Gelos's ghost misses you.
You barely miss Gelos's ghost.
Gelos's ghost is severely damaged.
Om's ghost closely misses you. A chill runs down your spine.
Gelos's ghost hits you but does no damage.
You hit Gelos's ghost. Your kick misses Gelos's ghost.
Gelos's ghost is severely damaged.
Om's ghost freezes you.
You are frozen.
You resist.
You die...

#..###. #####
#..##..
####P⌠P?#####......
#..#....8##......##
#..#....?.#####....
##..'....?P######.##
#...'.....⌠#......#
#..WW.....P#########
#.)@#...... #..
#...#....8# #.#
#.###P⌠P?####### #.#
#...######.....###.#
##.###..####.....#.#
#.# #..####.....#.#
#.# #..............
#.# ##.####.....#..
#.# #.# #.....##.


You could see Gelos's ghost and om's ghost.

Vanquished Creatures
  Terence (D:2)
  2 worms (D:2)
  2 dart slugs (D:2)
  An orc (D:2)
  4 endoplasms
  2 giant cockroaches (D:1)
  4 goblins
  3 quokkas
  A ball python (D:1)
  4 bats
  2 frilled lizards
  A kobold (D:1)
  4 rats
31 creatures vanquished.

Vanquished Creatures (others)
  23 plants (D:3)
23 creatures vanquished.

Grand Total: 54 creatures vanquished

Notes
Turn   | Place    | Note
-------+----------+-------------------------------------------
     0 | D:1      | elagabalus the Draconian Transmuter began the quest for the
                  | Orb.
     0 | D:1      | Reached XP level 1. HP: 16/16 MP: 3/3
   210 | D:1      | Found a faded altar of an unknown god.
   281 | D:1      | Reached XP level 2. HP: 18/23 MP: 3/5
   533 | D:1      | Reached skill level 3 in Transmutations
   831 | D:1      | Learned a level 2 spell: Wereblood
  1096 | D:2      | Found an opulent altar of Gozag.
  1394 | D:2      | Reached XP level 3. HP: 28/28 MP: 4/6
  1536 | D:2      | Noticed Terence
  1551 | D:2      | Killed Terence
  1552 | D:2      | Reached skill level 4 in Transmutations
  1886 | D:3      | Found a hazy altar of Hepliaklqana.
  2032 | D:3      | Reached XP level 4. HP: 35/35 MP: 5/7
  2040 | D:3      | Found a runed translucent gate.
  2040 | D:3      | Found a runed translucent gate.
  2040 | D:3      | Found a runed translucent gate.
  2041 | D:3      | Noticed om's ghost (amateur MfIE)
  2041 | D:3      | Noticed Gelos's ghost (amateur VSIE)
  2056 | D:3      | Frozen to death by om's ghost

Illustrated notes

Levels and vault maps discovered:
D:1:      dpeg_arrival_three_smaller_balls, layout_loops_ring,
          dreamdust_ecumenical_altar_angels_and_demons
D:2:      layout_loops_corners, basic_altar, uniq_terence
D:3:      layout_loops_ring, old_standard_altar, mainiacjoe_overflow_alcove_1,
          lemuel_zombie_altar_yredelemnul, gammafunk_ghost_cemetery,
          portal_sewer_entry_f, serial_bayou_lagoon_a, minivault_19,
          wander_ebering_terrifying_dragon_lair, uniq_natasha

Skill      XL: |  1  2  3 |
---------------+----------+-----
Transmutations | 3 4 |  4.3
Fighting       | |  1.1
Dodging        | |  1.7
Unarmed Combat | |  3.0
Spellcasting   | |  2.0

Action                   |  1- 3 |  4- 6 || total
-------------------------+-------+-------++-------
Melee: Unarmed           |    94 |    11 ||   105
       Kick              |    27 |     2 ||    29
       Tailslap          |     7 |     1 ||     8
       Headbutt          |    11 |     2 ||    13
       Punch             |     2 |       ||     2
 Cast: Beastly Appendage |    28 |       ||    28
       Wereblood         |     1 |     1 ||     2
  Use: Scroll            |    11 |       ||    11
Armor: Skin              |    16 |     2 ||    18
Dodge: Dodged            |    78 |     8 ||    86

Table legend: (Time is in decaauts)
 A = Elapsed time spent in this place.
 B = Non-inter-level travel time spent in this place.
 C = Inter-level travel time spent in this place.
 D = Time resting spent in this place.
 E = Time spent auto-exploring this place.
 F = Levels seen in this place.
 G = Mean time per level.
                   A        B        C        D        E       F      G
               +--------+--------+--------+--------+--------+-----+--------+
         Total |   2049 |    369 |   1680 |      0 |      0 |   3 |  683.0 |
       Dungeon |   2049 |    369 |   1680 |      0 |      0 |   3 |  683.0 |
               +--------+--------+--------+--------+--------+-----+--------+

Top non-repeatable levels by time:
     D:1: 996 daAuts
     D:2: 874 daAuts
     D:3: 179 daAuts
